 Dungeon Crawl Stone Soup version 0.31.0-1-g2c135a008e (webtiles) character file.

Game seed: 9972736828113312775

147 qw the Shooter (level 5, -1/40 HPs)
             Began as a Djinni Hunter on Jan 24, 2024.
             Slain by a gnoll
             ... wielding a +0 club
              (6 damage)
             ... on level 3 of the Dungeon.
             The game lasted 00:00:06 (1663 turns).

qw the Shooter (Djinni Hunter)                      Turns: 1663, Time: 00:00:07

Health: -1/40      AC:  4    Str: 10    XL:     5   Next: 54%
Gold:   114        EV: 13    Int: 10    God:
                   SH:  0    Dex: 19

rFire   + + .        a - +0 shortbow
rCold   x . .        (shield currently unavailable)
rNeg    . . .        c - +0 leather armour
rPois   inf          (no helmet)
rElec   .            (no cloak)
rCorr   .            k - +0 pair of gloves
SInv    .            (boots unavailable)
Will    .....        d - amulet of faith
Stlth   ++           (no ring)
HPRegen 0.26/turn    (no ring)
MPRegen 0.00/turn

%: faith, infuse magic (-2 HP)
@: about to teleport, flying
A: sickness immunity, fire resistance 2, cold vulnerability 1, float, innate
caster, HP casting, extra vitality 1
a: no special abilities


You were on level 3 of the Dungeon.
You visited 1 branch of the dungeon, and saw 3 of its levels.

You collected 114 gold pieces.


Innate Abilities, Weirdness & Mutations

You are immune to sickness and miasma.
You are immune to poison.
Your flesh is very heat resistant. (rF++)
You are vulnerable to cold. (rC-)
You float through the air rather than walking.
You learn spells naturally, not from books.
Your magical power is your life essence.
You have superior vitality. (+4 MHP)


   Skills:
 - Level 3.0 Fighting
 + Level 4.6 Ranged Weapons
 - Level 3.0 Dodging
 - Level 0.7 Stealth


You knew the following spells:

 Your Spells              Type           Power      Damage    Failure   Level
a - Kiss of Death         Conj/Necr      0%         2d5       45%         1
b - Momentum Strike       Conj/Tloc      0%         3d8       61%         2
Your spell library was empty.

Inventory:

Hand Weapons
 a - a +0 shortbow (weapon)
Armour
 c - a +0 leather armour (worn)
 k - a +0 pair of gloves (worn)
Jewellery
 d - an amulet of faith (around neck)
Potions
 e - 2 potions of curing
 f - a potion of heal wounds {unknown}
 h - a potion of haste

Dungeon Overview and Level Annotations

Branches:
Dungeon (3/15)

Altars:


Message History

Enter note: You shoot an arrow.
The arrow hits the gnoll.
The gnoll shouts!
The gnoll is lightly wounded.
The gnoll shouts! x2
A gnoll comes into view. It is wielding a +0 club.
The gnoll shouts!
You shoot an arrow. The arrow barely misses the gnoll.
You shoot an arrow. The arrow closely misses the gnoll.
You shoot an arrow. The arrow hits the gnoll!
The gnoll is heavily wounded.
The gnoll hits you with a +0 whip!
You shoot an arrow. The arrow barely misses the gnoll. x3
The gnoll barely misses you. The gnoll misses you.
You shoot an arrow. The arrow closely misses the gnoll.
The arrow hits the gnoll but does no damage.
The gnoll hits you with a +0 whip. The gnoll closely misses you.
You shoot an arrow. The arrow hits the gnoll.
The gnoll is severely wounded.
The gnoll closely misses you.
The gnoll hits you from afar with a +0 spear.
The gnoll closely misses you.
You shoot an arrow. The arrow closely misses the gnoll.
The arrow hits the gnoll but does no damage.
The gnoll hits you with a +0 club.
The gnoll hits you from afar with a +0 spear!
You shoot an arrow. The arrow barely misses the gnoll.
The arrow hits the gnoll!
The gnoll is almost dead.
The gnoll hits you from afar with a +0 spear.
The gnoll hits you with a +0 club.
You shoot an arrow. The arrow hits the gnoll!
The gnoll is heavily wounded.
The gnoll hits you with a +0 club.
The gnoll hits you from afar with a +0 spear.
1663 ||| READING scroll of teleportation.
As you read the scroll of teleportation, it crumbles to dust.
You feel strangely unstable.
The gnoll hits you from afar with a +0 spear.
The gnoll hits you with a +0 club.
You die...

.#### ##.##
##.........# ..#
#.# #.#######.#
).# #.# #.# #.#
..# #+# #.# #.#
.## ... #.# #.# .#
.... #.# #.# .##
..... #.# #.#
..####
.....g##.#######.#
.....+
.....gg@.........#
..####
.....g####...##.##
.## ..... ##.###.#
.# .... ### #.# .#
... #.# .# #+ ..#
.# ### .#


You could see 4 gnolls.

Vanquished Creatures
  2 orc priests (D:3)
  An orc wizard (D:3)
  An adder (D:2)
  2 ribbon worms
  2 orcs (D:3)
  2 endoplasms
  5 goblins (D:1)
  4 hobgoblins (D:1)
  3 jackals (D:1)
  3 quokkas
  5 ball pythons
  4 bats
  4 frilled lizards
  4 kobolds
  4 rats
46 creatures vanquished.

Notes
Turn   | Place    | Note
-------+----------+-------------------------------------------
     0 | D:1      | qw the Djinni Hunter began the quest for the Orb.
     0 | D:1      | Reached XP level 1. HP: 18/18 MP: 0/0
     0 | D:1      | 0 ||| qw: Version: 0.3-a-136-gdd3b4e8
     0 | D:1      | 0 ||| qw: Game counter: 1414
     0 | D:1      | 0 ||| qw: Melee chars always use a shield: true
     0 | D:1      | 0 ||| qw: God list: Okawaru
     0 | D:1      | 0 ||| qw: Allow faded altars: false
     0 | D:1      | 0 ||| qw: Do Orc after clearing Dungeon:15 true
     0 | D:1      | 0 ||| qw: Do second Lair branch before Depths: true
     0 | D:1      | 0 ||| qw: Lair rune preference: random
     0 | D:1      | 0 ||| qw: Goals: Normal
     0 | D:1      | 0 ||| PLANNING D:1-11
    42 | D:1      | Reached XP level 2. HP: 23/23 MP: 0/0
   252 | D:1      | 252 ||| RETREEEEATING.
   253 | D:1      | 253 ||| RETREEEEATING.
   259 | D:1      | Reached XP level 3. HP: 22/28 MP: 0/0
   259 | D:1      | Learned a level 1 spell: Kiss of Death
   261 | D:1      | Reached skill level 4 in Ranged Weapons
   606 | D:1      | 606 ||| READING 4 scrolls labelled SIKHISICUBIH.
   606 | D:1      | 606 ||| IDENTIFYING bubbling blue potion
   607 | D:1      | 607 ||| READING 3 scrolls of identify.
   607 | D:1      | 607 ||| IDENTIFYING 2 fuming puce potions
   608 | D:1      | 608 ||| READING 2 scrolls of identify.
   608 | D:1      | 608 ||| IDENTIFYING scroll labelled LORGHI JOSIMEKLEAPT
   609 | D:1      | 609 ||| READING scroll of identify.
   609 | D:1      | 609 ||| IDENTIFYING scroll labelled DIBRIS TUIXUB
   610 | D:1      | 610 ||| READING 2 scrolls labelled GUSOCA ZUQUWI.
   611 | D:1      | 611 ||| DROPPING scroll of butterflies.
   612 | D:1      | 612 ||| DROPPING scroll of blinking.
   613 | D:1      | 613 ||| DROPPING scroll of poison.
   784 | D:2      | Reached XP level 4. HP: 34/34 MP: 0/0
  1133 | D:2      | 1133 ||| UPGRADING to +0 pair of gloves.
  1138 | D:2      | 1138 ||| UPGRADING to amulet of faith.
  1143 | D:2      | 1143 ||| READING scroll labelled TEECOA ISATYMP.
  1244 | D:2      | 1244 ||| READING scroll labelled BENOEG XIQE.
  1245 | D:2      | 1245 ||| READING scroll labelled QYLUUC VASKOW.
  1336 | D:3      | Reached skill level 3 in Fighting
  1464 | D:3      | Reached skill level 3 in Dodging
  1477 | D:3      | Reached XP level 5. HP: 39/40 MP: 0/0
  1477 | D:3      | Learned a level 2 spell: Momentum Strike
  1662 | D:3      | HP: 6/40 [gnoll/+0 spear (5)]
  1663 | D:3      | 1663 ||| READING scroll of teleportation.
  1663 | D:3      | Slain by a gnoll

Levels and vault maps discovered:
D:1:      minmay_arrival_four_circles, layout_basic
D:2:      layout_basic, roderic_cross_of_infinity
D:3:      layout_loops_corners, grunt_ministairs_12, st_stairs_12, uniq_jessica

Skill      XL: |  1  2  3  4 |
---------------+-------------+-----
Ranged Weapons | 4 |  4.6
Fighting       | 3 |  3.0
Dodging        | 3 |  3.0
Stealth        | |  0.7

Action                     |  1- 3 |  4- 6 || total
---------------------------+-------+-------++-------
   Fire: Shortbow          |   119 |    68 ||   187
    Use: Scroll            |     5 |     4 ||     9
 Armour: Leather armour    |    50 |    25 ||    75
  Dodge: Dodged            |    59 |    19 ||    78

Table legend:
 A = Non-vault XP
 B = Vault XP
 C = Vault XP percentage of total XP
 D = Non-vault monster count
 E = Vault monster count
 F = Vault count percentage of total count
                 A         B        C        D         E       F
            +---------+---------+-------+---------+---------+-------
      Total |     207 |       3 |   1.4 |      45 |       1 |   2.2
            +---------+---------+-------+---------+---------+-------
        D:1 |      44 |       0 |   0.0 |      28 |       0 |   0.0
        D:2 |      30 |       0 |   0.0 |      10 |       0 |   0.0
        D:3 |     133 |       3 |   2.2 |       7 |       1 |  12.5
            +---------+---------+-------+---------+---------+-------
